 Dungeon Crawl Stone Soup version 0.28-a0-724-g66f9036eb4 (webtiles) character file.

Game seed: 6180891353203882362

72653 GordonOverkill the Severer (level 15, -1/168 HPs)
             Began as a Djinni Berserker on Oct 27, 2021.
             Was a High Priest of Trog.
             Slain by an ettin (38 damage)
             ... on level 1 of the Orcish Mines.
             The game lasted 00:47:56 (31253 turns).

GordonOverkill the Severer (Djinni Berserker)      Turns: 31253, Time: 00:47:57

Health: -1/168     AC: 19    Str: 21    XL:     15   Next: 87%
Gold:   3055       EV:  9    Int: 11    God:    Trog [*****.] SH:  5 Dex: 12

rFire   + . .      SeeInvis .   O - +9 broad axe (antimagic)
rCold   . . .      Faith    .   s - +0 buckler
rNeg    . . .      Spirit   .   p - +2 plate armour {rPois}
rPois   ∞          Reflect  .   k - +2 helmet
rElec   .          Harm     .   (no cloak)
rCorr   +          Rampage  .   o - +0 pair of gloves
Will    +....                   (boots unavailable)
Stlth   ..........              K - amulet of the acrobat
HPRegen 0.38/turn               u - ring of resist corrosion
MPRegen 0.00/turn               z - ring of ice

@: berserking, flying, very quick
A: sickness immunity, fire resistance 2, cold vulnerability 1, float, innate
caster, hp casting, extra vitality 1
a: Renounce Religion, Berserk, Trog's Hand, Brothers in Arms


You were on level 1 of the Orcish Mines.
You worshipped Trog.
Trog was extremely pleased with you.
You visited 3 branches of the dungeon, and saw 19 of its levels.
You also visited: Ossuary.

You collected 3055 gold pieces.

Inventory:

Hand Weapons
 f - the +10 lance "Wyrmbane" {slay drac, rPois rF+ rC+ AC+3}
   (You took it off Maggie on level 7 of the Dungeon)

   It inflicts extra damage against dragons and draconians.
   AC:        It affects your AC (+3).
   rF:        It protects you from fire.
   rC:        It protects you from cold.
   rPois:     It protects you from poison.
 A - a +5 war axe of freezing
 G - a +1 war axe of flaming
 O - a +9 antimagic broad axe (weapon)
Missiles
 v - 34 poisoned darts (quivered)
 y - 3 throwing nets
Armour
 c - +0 fire dragon scales
 k - a +2 helmet (worn)
 o - a +0 pair of gloves (worn)
 p - a +2 plate armour of poison resistance (worn)
 s - a +0 buckler (worn)
Jewellery
 u - a ring of resist corrosion (left hand)
 z - a ring of ice (right hand)
 I - a ring of fire
 K - an amulet of the acrobat (around neck)
Wands
 r - a wand of flame (51)
 D - a wand of paralysis (9)
 E - a wand of iceblast (6)
 L - a wand of acid (6)
 M - a wand of mindburst (22)
 N - a wand of digging (9)
Scrolls
 b - 6 scrolls of teleportation
 d - 3 scrolls of vulnerability
 e - a scroll of fear
 h - 2 scrolls of silence
 i - 6 scrolls of identify
 x - 3 scrolls of magic mapping
 C - 2 scrolls of immolation
 J - 2 scrolls of fog
Potions
 a - a potion of heal wounds
 g - 6 potions of curing
 l - 4 potions of berserk rage
 m - 10 potions of ambrosia
 n - 2 potions of resistance
 q - a potion of invisibility
 t - 4 potions of lignification
 w - a potion of mutation
 B - a potion of haste
Miscellaneous
 H - a phial of floods


   Skills:
 - Level 12.0 Fighting
 + Level 15.5(16.7) Axes
 - Level 10.4(14.2) Polearms
 - Level 4.0 Throwing
 - Level 7.0 Armour
 - Level 10.0 Dodging
 - Level 4.0 Shields
 - Level 8.0 Evocations


You couldn't memorise any spells.
You knew the following spells:

 Your Spells              Type           Power      Damage    Failure   Level
a - Foxfire               Conj/Fire      0%         2x1d4     100%        1
b - Slow                  Hex            0%         N/A       100%        2
c - Blink                 Tloc           0%         N/A       100%        2
d - Conjure Flame         Conj/Fire      0%         6-21      100%        3
e - Agony                 Necr           0%         N/A       100%        5
f - Lee's Rapid Deconstr  Erth           0%         3d5*      100%        5
g - Statue Form           Tmut/Erth      0%         N/A       100%        6
Your spell library was empty.


Dungeon Overview and Level Annotations

Branches:
Dungeon (11/15)            Temple (0/1) D:4            Lair (6/6) D:8
  Swamp (0/4) Lair:3        Snake (0/4) Lair:4        Slime (0/5) Lair:5
    Orc (2/2) D:11            Elf (0/3) Orc:2       Ossuary (visited)

Altars:
Cheibriados
Fedhas
Gozag
Kikubaaqudgha
Ru
The Shining One
Beogh

Shops:
D:6 =   Orc:2 =(


Innate Abilities, Weirdness & Mutations

You are immune to sickness and miasma.
You are immune to poison.
Your flesh is very heat resistant. (rF++)
You are vulnerable to cold. (rC-)
You float through the air rather than walking.
You learn spells naturally, not from books.
Your magical power is your life essence.
You have superior vitality. (+4 HP)


Message History

You hit the orc knight but do no damage.
The orc knight is heavily wounded.
You barely miss the cyclops. You hit the ettin.
The orc knight hits you with a +0 battleaxe!
The ettin hits you but does no damage.
The ettin hits you with a +0 dire flail!
The cyclops hits you.
You slash the ettin!
The ettin is heavily wounded.
You slice the cyclops!! You slash the orc knight!
The orc knight completely misses you.
You slash the cyclops!
The cyclops is severely wounded.
You slash the ettin! You closely miss the orc knight.
The ettin hits you with a +0 dire flail!!!
* * * LOW HITPOINT WARNING * * *
The ettin hits you with a +0 dire flail!!
* * * LOW HITPOINT WARNING * * *
The cyclops closely misses you.
You hear a shout!
You are too injured to fight recklessly!
You slash the ettin!
The ettin is severely wounded.
You slash the cyclops!
You kill the cyclops!
Trog accepts your kill.
You slash the orc knight!
The orc knight hits you with a +0 battleaxe!
* * * LOW HITPOINT WARNING * * *
You completely miss the ettin.
The ettin is severely wounded.
You slash the titan zombie! You closely miss the orc knight.
The cyclops throws a large rock.
The large rock hits you!!
* * * LOW HITPOINT WARNING * * *
You slash the ettin!
The ettin is almost dead.
You slash the titan zombie! You slash the orc knight!
You block the orc knight's attack. The ettin barely misses you.
The ettin hits you with a +0 dire flail!!!
You die...

#######################
......Z.#.............#
..C...)@'.............#
......oC#.............#
###'#####........††.^.## #
##########'####. .....'.......'.
######.......##
##############.####.......##
#####.................#.......#.
##.........####........#.......#.


You could see an orc knight, an ettin, a cyclops and a titan zombie.

Vanquished Creatures
  Nessos (Lair:6)
  An ettin (Orc:1)
  Josephine (Lair:5)
  A fire dragon (Lair:6)
  3 hydras
  2 two-headed ogres (Orc:1)
  Urug (Lair:6)
  A swamp dragon (Lair:6)
  A bog body (Lair:3)
  Pikel (D:7)
  7 orc knights (Orc:2)
  A wolf spider (Lair:6)
  2 oklob plants
  9 cyclopes
  10 elephants
  An ice statue (D:9)
  A guardian serpent (Lair:6)
  10 black mambas
  Maggie (D:7)
  2 torpor snails (Lair:6)
  18 cane toads
  8 rime drakes
  2 unseen horrors (D:10)
  An efreet (D:11)
  11 komodo dragons
  6 trolls
  A polar bear (Lair:6)
  A queen bee (Lair:1)
  3 hornets
  21 blink frogs
  Grinder (D:3)
  2 slime creatures (Lair:5)
  5 wraiths
  A vampire (D:11)
  4 redbacks (Lair:6)
  10 wyverns
  64 yaks
  3 basilisks
  3 swamp worms (Lair:3)
  A naga (Lair:4)
  2 steam dragons
  Menkaure (Ossuary)
  2 acid dragons
  11 wargs
  34 water moccasins
  A swamp drake (Lair:6)
  27 orc warriors
  2 black bears
  3 necrophages (D:5)
  4 sky beasts
  8 ogres
  4 centaurs
  18 wolves
  A phantom (D:5)
  2 kobold brigands
  13 bullfrogs
  2 scorpions
  A cyclops zombie (Orc:1)
  A water moccasin skeleton (D:4)
  29 killer bees
  12 wights
  5 electric eels
  2 howler monkeys
  5 centaur zombies
  A gnoll shaman (D:4)
  11 orc priests
  3 hounds
  5 jellies
  A bullfrog skeleton (D:6)
  9 iguanas
  Ijyb (D:3)
  Terence (D:2)
  16 orc wizards
  A killer bee zombie (D:7)
  3 ogre zombies (Ossuary)
  6 mummies (Ossuary)
  4 gnolls (D:4)
  7 adders
  A shadow imp (D:6)
  3 white imps
  3 adder zombies (Ossuary)
  A worm (D:2)
  4 dart slugs
  75 orcs
  3 endoplasms
  2 giant cockroaches
  2 gnoll zombies (Ossuary)
  7 goblins
  7 hobgoblins
  6 quokkas
  7 ball pythons
  2 bats (D:2)
  3 frilled lizards
  6 goblin zombies (Ossuary)
  3 hobgoblin zombies (Ossuary)
  18 kobolds
  3 kobold zombies (Ossuary)
  4 quokka zombies (Ossuary)
  3 rats
  4 rat zombies (Ossuary)
  2 butterflies (Lair:3)
651 creatures vanquished.

Vanquished Creatures (collateral kills)
  Rupert (Lair:4)
  2 cyclopes (Orc:1)
3 creatures vanquished.

Vanquished Creatures (others)
  58 fungi
  111 plants
169 creatures vanquished.

Grand Total: 823 creatures vanquished

Notes
Turn   | Place    | Note
-------+----------+-------------------------------------------
     0 | D:1      | GordonOverkill the Djinni Berserker began the quest for the
                  | Orb.
     0 | D:1      | Reached XP level 1. HP: 20/20 MP: 0/0
   220 | D:1      | Found a faded altar of an unknown god.
   402 | D:1      | Reached XP level 2. HP: 25/25 MP: 0/0
   464 | D:1      | Reached skill level 3 in Axes
   999 | D:2      | Reached XP level 3. HP: 30/30 MP: 0/0
   999 | D:2      | Learned a level 1 spell: Foxfire
  1240 | D:2      | Reached ** piety under Trog
  1302 | D:2      | Noticed Terence
  1312 | D:2      | Killed Terence
  1313 | D:2      | Reached skill level 4 in Axes
  1313 | D:2      | Reached XP level 4. HP: 5/35 MP: 0/0
  2033 | D:3      | Noticed Ijyb
  2035 | D:3      | Noticed Grinder
  2050 | D:3      | Killed Ijyb
  2051 | D:3      | Reached XP level 5. HP: 10/40 MP: 0/0
  2051 | D:3      | Learned a level 2 spell: Slow
  2053 | D:3      | Killed Grinder
  2054 | D:3      | Reached skill level 5 in Axes
  2054 | D:3      | Reached XP level 6. HP: 12/46 MP: 0/0
  2878 | D:3      | Found a glowing golden altar of the Shining One.
  3067 | D:3      | Found a sacrificial altar of Ru.
  3136 | D:4      | Reached skill level 1 in Shields
  3136 | D:4      | Reached XP level 7. HP: 50/50 MP: 0/0
  3136 | D:4      | Learned a level 2 spell: Blink
  3371 | D:4      | Reached skill level 1 in Throwing
  3444 | D:4      | Reached skill level 6 in Axes
  3699 | D:4      | Found a staircase to the Ecumenical Temple.
  4411 | D:5      | Entered Level 5 of the Dungeon
  4424 | D:5      | Reached XP level 8. HP: 56/56 MP: 0/0
  4764 | D:5      | Reached *** piety under Trog
  5025 | D:5      | Reached skill level 7 in Axes
  5202 | D:5      | Reached XP level 9. HP: 53/60 MP: 0/0
  5202 | D:5      | Learned a level 3 spell: Conjure Flame
  5706 | D:6      | Reached skill level 8 in Axes
  6295 | D:6      | Found Nynyos's Jewellery Boutique.
  6713 | D:7      | Noticed Maggie
  6718 | D:7      | Reached skill level 9 in Axes
  6726 | D:7      | Killed Maggie
  6853 | D:7      | Identified a scroll of acquirement
  6853 | D:7      | Acquired 945 gold pieces
  6880 | D:7      | Reached **** piety under Trog
  6886 | D:7      | Reached skill level 1 in Polearms
  6886 | D:7      | Reached skill level 1 in Evocations
  6886 | D:7      | Reached XP level 10. HP: 67/67 MP: 0/0
  6948 | D:7      | Noticed Pikel
  6955 | D:7      | Killed Pikel
  7020 | D:7      | Found an opulent altar of Gozag.
  7072 | D:7      | Found a snail-covered altar of Cheibriados.
  7201 | D:7      | Found a sand-covered staircase.
  7219 | Ossuary  | Entered an ossuary
  7607 | Ossuary  | Noticed Menkaure
  7617 | Ossuary  | Killed Menkaure
  8503 | D:8      | Reached skill level 5 in Evocations
  8793 | D:8      | Reached skill level 5 in Polearms
  8796 | D:8      | Reached ***** piety under Trog
  8943 | D:8      | Found a staircase to the Lair.
  9000 | D:8      | Reached XP level 11. HP: 71/71 MP: 0/0
  9000 | D:8      | Learned a level 5 spell: Agony
 10811 | D:10     | Entered Level 10 of the Dungeon
 11482 | D:10     | Found a blossoming altar of Fedhas.
 13133 | D:11     | Noticed a cyclops
 13142 | D:11     | Killed a cyclops
 13355 | D:11     | Reached skill level 10 in Polearms
 13701 | D:11     | Found a staircase to the Orcish Mines.
 13717 | D:11     | Reached XP level 12. HP: 76/76 MP: 0/0
 13862 | Lair:1   | Entered Level 1 of the Lair of Beasts
 14551 | Lair:1   | Received a gift from Trog
 14847 | Lair:1   | Noticed an eight-headed hydra
 14859 | Lair:1   | Killed an eight-headed hydra
 15769 | Lair:2   | Reached skill level 5 in Fighting
 16050 | Lair:2   | Reached skill level 5 in Dodging
 16912 | Lair:3   | Reached XP level 13. HP: 73/86 MP: 0/0
 16912 | Lair:3   | Learned a level 5 spell: Lee's Rapid Deconstruction
 16915 | Lair:3   | Reached skill level 5 in Armour
 17053 | Lair:3   | Reached skill level 10 in Axes
 17071 | Lair:3   | Received a gift from Trog
 17305 | Lair:3   | Noticed an eight-headed hydra
 17314 | Lair:3   | Killed an eight-headed hydra
 17840 | Lair:3   | Acquired a manual of Axes
 18184 | Lair:3   | Found a staircase to the Swamp.
 18940 | Lair:4   | You are sucked into a shaft and drop 1 floor!
 19941 | Lair:4   | Noticed Rupert
 19951 | Lair:4   | Killed Rupert
 20223 | Lair:4   | Reached skill level 11 in Axes
 20455 | Lair:4   | Found a staircase to the Snake Pit.
 20496 | Lair:4   | Reached XP level 14. HP: 88/96 MP: 0/0
 20839 | Lair:5   | Noticed Josephine
 20908 | Lair:5   | Killed Josephine
 21000 | Lair:5   | Found a staircase to the Slime Pits.
 21012 | Lair:5   | Received a gift from Trog
 22863 | Lair:6   | Entered Level 6 of the Lair of Beasts
 22863 | Lair:6   | Noticed Urug
 22875 | Lair:5   | Reached skill level 12 in Axes
 23107 | Lair:6   | Killed Urug
 23850 | Lair:6   | Noticed Nessos
 23957 | Lair:6   | Killed Nessos
 24928 | Lair:6   | Reached skill level 13 in Axes
 24928 | Lair:6   | Reached skill level 10 in Dodging
 25165 | Lair:6   | Received a gift from Trog
 25318 | Lair:6   | Reached XP level 15. HP: 75/107 MP: 0/0
 25318 | Lair:6   | Learned a level 6 spell: Statue Form
 26093 | Lair:6   | Reached skill level 10 in Fighting
 26916 | Lair:6   | Reached skill level 14 in Axes
 27455 | Orc:1    | Entered Level 1 of the Orcish Mines
 28127 | Orc:2    | Entered Level 2 of the Orcish Mines
 28535 | Orc:2    | Found Hocib's Weapon Emporium.
 28936 | Orc:2    | Found Zenn's Jewellery Boutique.
 29775 | Orc:2    | Received a gift from Trog
 30142 | Orc:2    | Found a staircase to the Elven Halls.
 30826 | Orc:1    | Reached skill level 15 in Axes
 31253 | Orc:1    | Slain by an ettin

Illustrated notes

Levels and vault maps discovered:
D:1:      lightli_arrival_boilingwater, layout_basic,
          hellmonk_ecumenical_altar_arch_garden
D:2:      layout_rooms, chequers_serial_rivers_room_a, minmay_quadrilaterals,
          uniq_terence
D:3:      layout_loops_cross, tso_altar, nicolae_ru_path_of_blood, uniq_ijyb,
          uniq_grinder
D:4:      layout_basic, temple_hall
D:5:      layout_loops_ring
D:6:      layout_loops_ring, serial_rivers, chequers_serial_rivers_micro_e,
          chequers_serial_rivers_micro_a, chequers_serial_rivers_room_a,
          chequers_serial_rivers_small_a, serial_shops, shop,
          kennysheep_opposing_triangles
D:7:      layout_cave_pools, gammafunk_temple_overflow_pools,
          nicolae_ossuary_entry_monument, grunt_ministairs_10,
          hangedman_decor_riveting, uniq_maggie, uniq_pikel
D:8:      layout_basic, lair_entry_dummy
D:9:      layout_rooms, lemuel_doored_altar, minivault_16,
          palyth_stone_intersect
D:10:     layout_basic, fedhas_altar_3, kennysheep_small_square
D:11:     layout_layer_cave, minmay_orc_entry_temple_small, serial_glass,
          glass_columns_c, glass_columns_b, glass_columns_b
Lair:1:   layout_gridlike, special_room [special_room_bee], grunt_megastairs_1
Lair:2:   layout_small_grid
Lair:3:   layout_regular_city, nicolae_swamp_entry_splash_gauntlet,
          beast_lair_carwin_1, infiniplex_staircase_pool_2, grunt_megastairs_4,
          lemuel_fruit_fields
Lair:4:   layout_hall_layers, guppyfry_snake_entry_garden, grunt_megastairs_2,
          uniq_rupert
Lair:5:   layout_hall_layers, minmay_slime_entry_pillars, grunt_megastairs_5,
          uniq_josephine
Lair:6:   hangedman_lair_tendril_chambers, layout_layer_cave,
          guppyfry_lair_end_dragon, serial_bayou_shore_b, lemuel_fruit_tree,
          infiniplex_staircase_pool, uniq_nessos, uniq_urug
Orc:1:    giant_chief_lemuel, layout_caves
Orc:2:    st_orc_town, layout_diamond_mine, basic_altar

Skill      XL: |  1  2  3  4  5  6  7  8  9 10 11 12 13 14 15 |
---------------+----------------------------------------------+-----
Axes           | 3 4 5 6 7 9 11 13 15 | 15.5
Shields        | 1 3 4 |  4.0
Throwing       | 2 4 |  4.0
Polearms       | 1 6 10 | 10.4
Evocations     | 1 5 6 8 |  8.0
Dodging        | 5 7 10 | 10.0
Armour         | 4 6 7 |  7.0
Fighting       | 5 7 9 12 | 12.0

Action                   |  1- 3 |  4- 6 |  7- 9 | 10-12 | 13-15 || total
-------------------------+-------+-------+-------+-------+-------++-------
Melee: Hand axe          |    69 |    94 |       |       |       ||   163
       Spear             |       |       |   169 |       |       ||   169
       War axe           |       |       |    67 |       |    10 ||    77
       Lance             |       |       |    10 |   781 |   524 ||  1315
       Broad axe         |       |       |       |       |   633 ||   633
Throw: Dart              |       |       |       |     1 |     3 ||     4
Invok: Berserk           |     4 |     6 |    17 |    33 |    41 ||   101
       Trog's Hand       |       |       |     1 |     3 |       ||     4
       Brothers in Arms  |       |       |       |       |     2 ||     2
Evoke: Wand              |       |       |     8 |    10 |    35 ||    53
  Use: Scroll            |       |       |    12 |     7 |    11 ||    30
       Potion            |       |       |     6 |       |     9 ||    15
 Stab: Paralysed         |       |       |     9 |     2 |    16 ||    27
Armor: Animal skin       |     6 |       |       |       |       ||     6
       Scale mail        |    19 |    42 |    41 |       |       ||   102
       Chain mail        |       |       |    31 |   206 |   258 ||   495
       Skin              |       |       |     1 |       |       ||     1
       Plate armour      |       |       |       |       |    53 ||    53
Dodge: Dodged            |    47 |    49 |    66 |   146 |   430 ||   738
Block: Buckler           |       |     5 |    37 |    90 |   191 ||   323

Table legend: (Time is in decaauts)
 A = Elapsed time spent in this place.
 B = Non-inter-level travel time spent in this place.
 C = Inter-level travel time spent in this place.
 D = Time resting spent in this place.
 E = Time spent auto-exploring this place.
 F = Levels seen in this place.
 G = Mean time per level.
                   A        B        C        D        E       F      G
               +--------+--------+--------+--------+--------+-----+--------+
         Total |  31497 |  30504 |    993 |  14629 |  10797 |  20 | 1574.8 |
       Dungeon |  13792 |  13103 |    689 |   5347 |   5683 |  11 | 1253.8 |
          Lair |  13424 |  13156 |    268 |   7002 |   4242 |   6 | 2237.3 |
  Orcish Mines |   3848 |   3813 |     35 |   2200 |    849 |   2 | 1924.0 |
       Ossuary |    431 |    431 |      0 |     78 |     23 |   1 |  431.0 |
               +--------+--------+--------+--------+--------+-----+--------+

Top non-repeatable levels by time:
  Lair:6: 3764 daAuts
  Lair:5: 2793 daAuts
   Orc:2: 2406 daAuts
  Lair:3: 2255 daAuts
    D:10: 1937 daAuts
  Lair:4: 1843 daAuts
     D:8: 1561 daAuts
   Orc:1: 1442 daAuts
  Lair:1: 1416 daAuts
  Lair:2: 1350 daAuts
     D:4: 1329 daAuts
     D:5: 1242 daAuts
     D:3: 1226 daAuts
     D:6: 1216 daAuts
     D:1: 1213 daAuts
